 Dungeon Crawl Stone Soup version 0.32-a0-411-g744942f433 (webtiles) character file.

Game seed: 812834621809683465

107 shadowstone the Ruffian (level 4, -2/28 HPs)
             Began as an Octopode Shapeshifter on Feb 20, 2024.
             Slain by a goblin
             ... wielding a +0 dagger
             ... led by Robin
              (6 damage)
             ... on level 3 of the Dungeon.
             The game lasted 00:03:16 (1914 turns).

shadowstone the Ruffian (Octopode Shapeshifter)     Turns: 1914, Time: 00:03:16

Health: -2/28      AC:  1    Str: 15    XL:     4   Next: 85%
Magic:  4/4        EV: 13    Int: 12    God:
Gold:   128        SH:  3    Dex: 11    Spells: 3/3 levels left

rFire   . .          .
                       - Unarmed
rCold   . . .        h - +0 buckler
rNeg    . . .        (helmet currently unavailable)
rPois   .            (no amulet)
rElec   .            (no ring)
rCorr   .            (no ring)
SInv    .            (no ring)
Will    .....        (no ring)
Stlth   +++          (no ring)
HPRegen 0.24/turn    (no ring)
MPRegen 0.09/turn    (no ring)
                     (no ring)

%: no passive effects
@: beast-form
A: beast (slay +2), almost no armour, amphibious, 8 rings, camouflage 1,
gelatinous body 1, (nimble swimmer 1), tentacles
a: Begin Untransformation


You were on level 3 of the Dungeon.
You were a hulking beast.
You visited 1 branch of the dungeon, and saw 3 of its levels.

You collected 128 gold pieces.

Inventory:

Armour
 h - a +0 buckler (worn)
Jewellery
 l - a ring of see invisible
Talismans
 b - a beast talisman (active)
 c - a flux talisman
Scrolls
 f - 3 scrolls of identify {unknown}
 g - a scroll of teleportation {unknown}
 m - a scroll of immolation {unknown}
 n - a scroll of vulnerability {unknown}
Potions
 a - a potion of lignification
 d - 4 potions of curing {unknown}
 e - a potion of mutation {unknown}
 i - a potion of might {unknown}
 j - a potion of degeneration {unknown}
 k - 2 potions of invisibility {unknown}


   Skills:
 + Level 1.0 Fighting
 + Level 2.6 Dodging
 + Level 1.4 Stealth
 + Level 0.3 Shields
 + Level 4.2 Unarmed Combat
 + Level 3.6 Shapeshifting


You had 3 spell levels left.
You didn't know any spells.
Your spell library contained the following spells:

 Spells                   Type           Power      Damage    Failure   Level
 Blink                    Tloc           0%         N/A       56%         2
 Lesser Beckoning         Tloc           0%         N/A       56%         2
 Momentum Strike          Conj/Tloc      0%         3d8       56%         2
 Inner Flame              Hex/Fire       0%         N/A       80%         3
 Irradiate                Conj/Alch      0%         3d11      100%        5
 Ignition                 Fire           0%         3d3       100%        8


Dungeon Overview and Level Annotations

Branches:
Dungeon (3/15)

Altars:


Innate Abilities, Weirdness & Mutations

You are a hulking beast.
Your limbs bulge with bestial killing power. (Slay +2)
You cannot wear most types of armour.
You are amphibious.
You can wear up to eight rings at the same time.
Your skin changes colour to match your surroundings (Stealth+).
Your rubbery body absorbs attacks. (AC +1, EV +1)
((You are camouflaged when in or above water. (Stealth+)))
You have tentacles for arms and can constrict up to eight enemies at once.


Message History

You kill the goblin!
The goblin hits you with a +0 dagger. Robin throws the goblin at you!
The goblin hits you with a +0 dagger.
You see here a +0 club.
Robin closely misses you. The goblin attacks as it pursues you!
The goblin closely misses you.
You bludgeon Robin! Your grab misses Robin. You squeeze Robin.
Robin is almost dead.
Robin misses you.
A goblin comes into view. It is wielding a +0 dagger.
The goblin closely misses you.
The goblin shouts!
You tentacle-slap Robin but do no damage.
You grab Robin. You tentacle-slap Robin.
You kill Robin!
The goblin hits you with a +0 dagger.
You barely miss the goblin. You grab the goblin. You constrict the goblin.
The goblin completely misses you. The goblin barely misses you.
You tentacle-slap the goblin.
You kill the goblin!
The goblin closely misses you. The goblin hits you with a +0 dagger.
* * * LOW HITPOINT WARNING * * *
Items here: )) [[ †.
You bludgeon the goblin!
You kill the goblin!
The goblin hits you with a +0 dagger.
* * * LOW HITPOINT WARNING * * *
Things that are here:
a +0 dagger; a goblin corpse
Found a dagger.
The goblin attacks as it pursues you! The goblin hits you with a +0 dagger.
* * * LOW HITPOINT WARNING * * *
Unknown command.
You tentacle-slap the goblin. You grab the goblin. You squeeze the goblin.
The goblin is severely wounded.
You constrict the goblin.
You kill the goblin!
The goblin hits you with a +0 dagger.
You die...

#)# #.# #.#
#.# #.# #.#
#.############
#.hg)).))....#
###########.##
#....<#.#
#.......#
#.####### .. #


You could see a goblin (strong).

Vanquished Creatures
  Robin (D:3)
  3 ribbon worms (D:2)
  A dart slug (D:2)
  4 endoplasms
  5 giant cockroaches
  10 goblins
  2 hobgoblins
  4 jackals (D:2)
  2 kobolds (D:2)
  3 ball pythons (D:1)
  5 bats
  A frilled lizard (D:2)
  8 rats
49 creatures vanquished.

Notes
Turn   | Place    | Note
-------+----------+-------------------------------------------
     0 | D:1      | shadowstone the Octopode Shapeshifter began the quest for
                  | the Orb.
     0 | D:1      | Reached XP level 1. HP: 13/13 MP: 1/1
   160 | D:1      | Reached XP level 2. HP: 13/18 MP: 2/2
   446 | D:1      | Reached XP level 3. HP: 23/23 MP: 3/3
  1335 | D:2      | Reached XP level 4. HP: 19/28 MP: 4/4
  1344 | D:2      | Reached skill level 1 in Stealth
  1344 | D:2      | Reached skill level 4 in Unarmed Combat
  1896 | D:3      | Noticed Robin
  1904 | D:3      | Killed Robin
  1914 | D:3      | Slain by a goblin

Illustrated notes

Levels and vault maps discovered:
D:1:      psy_arrival_whirlpool, layout_loops_ring
D:2:      minmay_diamond_boxcup, layout_basic
D:3:      layout_basic, general_overflow_altar, cheibrodos_sewer_entry_bend,
          serial_shops, shop, uniq_robin, uniq_crazy_yiuf_cottage, uniq_ijyb,
          uniq_jessica

Skill      XL: |  1  2  3  4 |
---------------+-------------+-----
Stealth        | 1 |  1.4
Unarmed Combat | 4 |  4.2
Fighting       | |  1.0
Dodging        | |  2.6
Shields        | |  0.3
Shapeshifting  | |  3.6

Action                     |  1- 3 |  4- 6 || total
---------------------------+-------+-------++-------
  Melee: Unarmed           |    53 |    29 ||    82
         Tentacles         |    11 |     6 ||    17
         Constrict         |    13 |    10 ||    23
         Punch             |     1 |     1 ||     2
   Stab: Sleeping          |     5 |     2 ||     7
 Armour: Skin              |    34 |    19 ||    53
  Dodge: Dodged            |    46 |    17 ||    63
  Block: Buckler           |     5 |     5 ||    10

Table legend: (Time is in decaauts)
 A = Elapsed time spent in this place.
 B = Non-inter-level travel time spent in this place.
 C = Inter-level travel time spent in this place.
 D = Time resting spent in this place.
 E = Time spent auto-exploring this place.
 F = Levels seen in this place.
 G = Mean time per level.
                   A        B        C        D        E       F      G
               +--------+--------+--------+--------+--------+-----+--------+
         Total |   1910 |   1812 |     98 |    121 |   1093 |   3 |  636.7 |
       Dungeon |   1910 |   1812 |     98 |    121 |   1093 |   3 |  636.7 |
               +--------+--------+--------+--------+--------+-----+--------+

Top non-repeatable levels by time:
     D:2: 1057 daAuts
     D:1: 823 daAuts
     D:3: 29 daAuts
